TOP OF THE 1ST |
Chicago Cubs batting - Pitching for Atlanta Braves : RHP Brandon McCarthy
|
Pitching: RHP Brandon McCarthy
|
|
Batting: SHB Yoan Moncada
|
0-0: Swinging Strike 0-1: Ball 1-1: Foul Ball, location: 2F 1-2: Strikes out swinging
|
Batting: LHB Cody Bellinger
|
0-0: Called Strike 0-1: Foul Ball, location: 2F 0-2: Strikes out looking
|
Batting: RHB Willson Contreras
|
0-0: SINGLE (Flyball, 89S)
|
Batting: RHB Justin Upton
|
0-0: Ball 1-0: Ball 2-0: Ball 3-0: Foul Ball, location: 2F 3-1: SINGLE (Groundball, 6MD) Willson Contreras to second
|
Batting: RHB Paul DeJong
|
0-0: Swinging Strike 0-1: SINGLE (Groundball, 56D) Willson Contreras to third Justin Upton to second Runner from 3rd tries for Home, throw and OUT!
|
Top of the 1st over - 0 runs, 3 hits, 0 errors, 2 left on base; Chicago 0 - Atlanta 0 |
BOTTOM OF THE 1ST |
Atlanta Braves batting - Pitching for Chicago Cubs : RHP Andrew Cashner
|
Pitching: RHP Andrew Cashner
|
|
Batting: LHB Mallex Smith
|
0-0: Swinging Strike 0-1: Bunt for hit - play at first, batter OUT! 2-3
|
Batting: RHB Domingo Santana
|
0-0: Ground out 4-3 (Groundball, 4)
|
Batting: RHB Miguel Sano
|
0-0: Fly out, F9 (Flyball, 9LS)
|
Bottom of the 1st over - 0 runs, 0 hits, 0 errors, 0 left on base; Chicago 0 - Atlanta 0 |
TOP OF THE 2ND |
Chicago Cubs batting - Pitching for Atlanta Braves : RHP Brandon McCarthy
|
Batting: RHB Stephen Piscotty
|
0-0: Ball 1-0: Foul Ball, location: 2F 1-1: Called Strike 1-2: Foul Ball, location: 2F 1-2: Foul Ball, location: 2F 1-2: Strikes out swinging
|
Batting: RHB Zack Cozart
|
0-0: Ball 1-0: Called Strike 1-1: SINGLE (Groundball, 6MD)
|
Batting: RHB Rajai Davis
|
0-0: Called Strike 0-1: Swinging Strike 0-2: Ball Zack Cozart is caught stealing 2nd base 1-2: Ground out 5-3 (Groundball, 56S)
|
Top of the 2nd over - 0 runs, 1 hit, 0 errors, 0 left on base; Chicago 0 - Atlanta 0 |
BOTTOM OF THE 2ND |
Atlanta Braves batting - Pitching for Chicago Cubs : RHP Andrew Cashner
|
Batting: LHB Greg Bird
|
0-0: Ball 1-0: Ball 2-0: Ball 3-0: Base on Balls
|
Batting: RHB Hunter Renfroe
|
0-0: Ball 1-0: Called Strike 1-1: Swinging Strike 1-2: Ball 2-2: Strikes out swinging
|
Batting: RHB Kurt Suzuki
|
0-0: Called Strike 0-1: Ball 1-1: Ball 2-1: Swinging Strike 2-2: Ball 3-2: SINGLE (Groundball, 6MD) Greg Bird to second
|
Batting: SHB Leury Garcia
|
0-0: Fly out, F9 (Flyball, 9D) Runner from 2nd tags up, SAFE at 3rd, no throw
|
Batting: RHB Pat Valaika
|
0-0: Called Strike 0-1: Called Strike 0-2: Strikes out swinging
|
Bottom of the 2nd over - 0 runs, 1 hit, 0 errors, 2 left on base; Chicago 0 - Atlanta 0 |
TOP OF THE 3RD |
Chicago Cubs batting - Pitching for Atlanta Braves : RHP Brandon McCarthy
|
Batting: RHB Andrew Cashner
|
0-0: Fly out, F7 (Flyball, 7LSF)
|
Batting: SHB Yoan Moncada
|
0-0: Ball 1-0: Ball 2-0: Ball 3-0: Called Strike 3-1: Foul Ball, location: 2F 3-2: Strikes out looking
|
Batting: LHB Cody Bellinger
|
0-0: Ball 1-0: Called Strike 1-1: DOUBLE (Line Drive, 9LM)
|
Batting: RHB Willson Contreras
|
0-0: Fly out, F9 (Flyball, 9D)
|
Top of the 3rd over - 0 runs, 1 hit, 0 errors, 1 left on base; Chicago 0 - Atlanta 0 |
BOTTOM OF THE 3RD |
Atlanta Braves batting - Pitching for Chicago Cubs : RHP Andrew Cashner
|
Batting: RHB Brandon McCarthy
|
0-0: Ground out 6-3 (Groundball, 6M)
|
Batting: LHB Mallex Smith
|
0-0: Ball 1-0: Ball 2-0: Ball 3-0: Called Strike 3-1: Base on Balls
|
Batting: RHB Domingo Santana
|
0-0: Called Strike 0-1: Ball 1-1: Foul Ball, location: 2F 1-2: Hit by Pitch Mallex Smith to second
|
Batting: RHB Miguel Sano
|
0-0: Called Strike 0-1: Fly out, F8 (Line Drive, 8LD)
|
Batting: LHB Greg Bird
|
0-0: Ball 1-0: Foul Ball, location: 2F 1-1: Called Strike 1-2: Foul Ball, location: 2F 1-2: Foul Ball, location: 2F 1-2: Foul Ball, location: 2F 1-2: SINGLE (Line Drive, 7LS) Mallex Smith to third Domingo Santana to second Runner from 3rd tries for Home, SAFE, throw made home
|
Batting: RHB Hunter Renfroe
|
0-0: Fly out, F4 (Line Drive, 4MD)
|
Bottom of the 3rd over - 1 run, 1 hit, 0 errors, 2 left on base; Chicago 0 - Atlanta 1 |
TOP OF THE 4TH |
Chicago Cubs batting - Pitching for Atlanta Braves : RHP Brandon McCarthy
|
Batting: RHB Justin Upton
|
0-0: Foul Ball, location: 2F 0-1: Foul Ball, location: 2F 0-2: Ball 1-2: SINGLE (Line Drive, 7S)
|
Batting: RHB Paul DeJong
|
0-0: Called Strike Justin Upton steals 2nd base 0-1: SINGLE (Line Drive, 8LS) Justin Upton to third Runner from 3rd tries for Home, SAFE, throw made home Paul DeJong to second
|
Batting: RHB Stephen Piscotty
|
0-0: Foul Ball, location: 2F 0-1: SINGLE (Line Drive, 89S) Paul DeJong to third
|
Batting: RHB Zack Cozart
|
0-0: Ball 1-0: Grounds into double play, 6-4-3 (Groundball, 6) Paul DeJong scores
|
Batting: RHB Rajai Davis
|
0-0: Fly out, F6 (Line Drive, 6)
|
Top of the 4th over - 2 runs, 3 hits, 0 errors, 0 left on base; Chicago 2 - Atlanta 1 |
BOTTOM OF THE 4TH |
Atlanta Braves batting - Pitching for Chicago Cubs : RHP Andrew Cashner
|
Batting: RHB Kurt Suzuki
|
0-0: Fly out, F8 (Flyball, 8RM)
|
Batting: SHB Leury Garcia
|
0-0: Called Strike 0-1: Ball 1-1: Foul Ball, location: 2F 1-2: Ball 2-2: Ball 3-2: Base on Balls
|
Batting: RHB Pat Valaika
|
0-0: Foul Ball, location: 2F 0-1: Ball Leury Garcia steals 2nd base 1-1: Ball 2-1: Ground out 6-3 (Groundball, 6) Leury Garcia to third
|
Batting: RHB Brandon McCarthy
|
0-0: Foul Ball, location: 2F 0-1: Foul Ball, location: 2F 0-2: Strikes out swinging
|
Bottom of the 4th over - 0 runs, 0 hits, 0 errors, 1 left on base; Chicago 2 - Atlanta 1 |
TOP OF THE 5TH |
Chicago Cubs batting - Pitching for Atlanta Braves : RHP Brandon McCarthy
|
Batting: RHB Andrew Cashner
|
0-0: Ball 1-0: Ball 2-0: Swinging Strike 2-1: Called Strike 2-2: Ball 3-2: Fly out, F4 (Popup, 4)
|
Batting: SHB Yoan Moncada
|
0-0: Ball 1-0: Ball 2-0: Ball 3-0: Base on Balls
|
Batting: LHB Cody Bellinger
|
0-0: Fly out, F7 (Flyball, 7S)
|
Batting: RHB Willson Contreras
|
Pickoff Throw to First - Error! E1 Yoan Moncada to second 0-0: Called Strike 0-1: Foul Ball, location: 2F 0-2: Ball 1-2: Ball 2-2: Ball 3-2: Foul Ball, location: 2F 3-2: Strikes out swinging
|
Top of the 5th over - 0 runs, 0 hits, 1 error, 1 left on base; Chicago 2 - Atlanta 1 |
BOTTOM OF THE 5TH |
Atlanta Braves batting - Pitching for Chicago Cubs : RHP Andrew Cashner
|
Batting: LHB Mallex Smith
|
0-0: Ball 1-0: Called Strike 1-1: Called Strike 1-2: Fly out, F8 (Flyball, 78D)
|
Batting: RHB Domingo Santana
|
0-0: Called Strike 0-1: Ball 1-1: Foul Ball, location: 2F 1-2: Foul Ball, location: 2F 1-2: Fly out, F6 (Popup, 4MD)
|
Batting: RHB Miguel Sano
|
0-0: Called Strike 0-1: Ball 1-1: Called Strike 1-2: Ball 2-2: Fly out, F7 (Flyball, 7LS)
|
Bottom of the 5th over - 0 runs, 0 hits, 0 errors, 0 left on base; Chicago 2 - Atlanta 1 |
TOP OF THE 6TH |
Chicago Cubs batting - Pitching for Atlanta Braves : RHP Brandon McCarthy
|
Batting: RHB Justin Upton
|
0-0: Ball 1-0: Foul Ball, location: 2F 1-1: Swinging Strike 1-2: Ball 2-2: Strikes out swinging
|
Batting: RHB Paul DeJong
|
0-0: Ball 1-0: Foul Ball, location: 2F 1-1: Foul Ball, location: 2F 1-2: Foul Ball, location: 2F 1-2: Ball 2-2: Ball 3-2: Base on Balls
|
Batting: RHB Stephen Piscotty
|
0-0: Fly out, F9 (Flyball, 9LD)
|
Batting: RHB Zack Cozart
|
0-0: Ball 1-0: Ball 2-0: SINGLE (Line Drive, 56D) Paul DeJong to second
|
Batting: RHB Rajai Davis
|
0-0: Called Strike 0-1: Foul Ball, location: 2F 0-2: Ball 1-2: Foul Ball, location: 2F 1-2: Fly out, F8 (Flyball, 78D)
|
Top of the 6th over - 0 runs, 1 hit, 0 errors, 2 left on base; Chicago 2 - Atlanta 1 |
BOTTOM OF THE 6TH |
Atlanta Braves batting - Pitching for Chicago Cubs : RHP Andrew Cashner
|
Batting: LHB Greg Bird
|
0-0: Ball 1-0: Ball 2-0: Ball 3-0: Base on Balls
|
Batting: RHB Hunter Renfroe
|
0-0: Ball 1-0: Foul Ball, location: 2F 1-1: SINGLE (Line Drive, 56D) Greg Bird to second
|
Batting: RHB Kurt Suzuki
|
0-0: Ball 1-0: Ball 2-0: Swinging Strike 2-1: Ball 3-1: Foul Ball, location: 2F 3-2: Ground out 5-3 (Groundball, 5) Greg Bird to third Hunter Renfroe to second
|
Batting: SHB Leury Garcia
|
0-0: Called Strike 0-1: Ball 1-1: Fly out, F9 (Flyball, 9) Runner from 3rd tags up, SCORES, throw made
|
Batting: RHB Pat Valaika
|
0-0: Intentional Walk
|
Pinch Hitting: RHB Jose Iglesias
|
0-0: Ball 1-0: SINGLE (Groundball, 34D) Hunter Renfroe to third Pat Valaika to second Runner from 3rd tries for Home, SAFE, throw made home
|
Batting: LHB Mallex Smith
|
0-0: Ball 1-0: Fly out, F4 (Flyball, 34D)
|
Bottom of the 6th over - 2 runs, 2 hits, 0 errors, 2 left on base; Chicago 2 - Atlanta 3 |
TOP OF THE 7TH |
Chicago Cubs batting - Pitching for Atlanta Braves : RHP Brandon McCarthy
|
Pitching: RHP Peter Moylan
|
|
Pinch Hitting: RHB Jose Bautista
|
0-0: Ball 1-0: Called Strike 1-1: Swinging Strike 1-2: Strikes out looking
|
Batting: SHB Yoan Moncada
|
0-0: Called Strike 0-1: Ball 1-1: Ball 2-1: Ground out U3 (Groundball, 3)
|
Batting: LHB Cody Bellinger
|
0-0: Foul Ball, location: 2F 0-1: Ball 1-1: Called Strike 1-2: Ball 2-2: Ball 3-2: Base on Balls
|
Batting: RHB Willson Contreras
|
0-0: Ball 1-0: Ball 2-0: Ball 3-0: Called Strike 3-1: Swinging Strike 3-2: Strikes out swinging
|
Top of the 7th over - 0 runs, 0 hits, 0 errors, 1 left on base; Chicago 2 - Atlanta 3 |
BOTTOM OF THE 7TH |
Atlanta Braves batting - Pitching for Chicago Cubs : RHP Andrew Cashner
|
Pitching: RHP David Phelps
|
|
Batting: RHB Domingo Santana
|
0-0: Ball 1-0: Fly out, F8 (Line Drive, 8RM)
|
Batting: RHB Miguel Sano
|
0-0: Swinging Strike 0-1: Called Strike 0-2: Foul Ball, location: 2F 0-2: Foul Ball, location: 2F 0-2: Ball 1-2: Fly out, F8 (Flyball, 8LXD)
|
Pitching: LHP Tony Cingrani
|
|
Batting: LHB Greg Bird
|
0-0: Ball 1-0: Swinging Strike 1-1: Called Strike 1-2: Foul Ball, location: 2F 1-2: Strikes out swinging
|
Bottom of the 7th over - 0 runs, 0 hits, 0 errors, 0 left on base; Chicago 2 - Atlanta 3 |
TOP OF THE 8TH |
Chicago Cubs batting - Pitching for Atlanta Braves : RHP Peter Moylan
|
Pitching: RHP Gregory Infante
|
|
Batting: RHB Justin Upton
|
0-0: Ball 1-0: Called Strike 1-1: Called Strike 1-2: Ball 2-2: Foul Ball, location: 2F 2-2: Strikes out looking
|
Batting: RHB Paul DeJong
|
0-0: Foul Ball, location: 2F 0-1: Foul Ball, location: 2F 0-2: Fly out, F5 (Popup, 5)
|
Batting: RHB Stephen Piscotty
|
0-0: Swinging Strike 0-1: Fly out, F8 (Flyball, 8RM)
|
Top of the 8th over - 0 runs, 0 hits, 0 errors, 0 left on base; Chicago 2 - Atlanta 3 |
BOTTOM OF THE 8TH |
Atlanta Braves batting - Pitching for Chicago Cubs : LHP Tony Cingrani
|
Pitching: RHP Nick Burdi
|
|
Batting: RHB Hunter Renfroe
|
0-0: Hit by Pitch
|
Batting: RHB Kurt Suzuki
|
0-0: Called Strike 0-1: Foul Ball, location: 2F 0-2: Ball 1-2: Ball 2-2: Foul Ball, location: 2F 2-2: Ball Wild Pitch! Hunter Renfroe to second 3-2: Fly out, F7 (Flyball, 7LSF)
|
Batting: SHB Leury Garcia
|
0-0: Called Strike 0-1: Ball 1-1: Foul Ball, location: 2F 1-2: Fly out, F7 (Line Drive, 7D)
|
Batting: RHB Pat Valaika
|
0-0: Ball 1-0: Ground out 6-3 (Groundball, 6)
|
Bottom of the 8th over - 0 runs, 0 hits, 0 errors, 1 left on base; Chicago 2 - Atlanta 3 |
TOP OF THE 9TH |
Chicago Cubs batting - Pitching for Atlanta Braves : RHP Gregory Infante
|
Pitching: RHP Daniel Hudson
|
|
Now at C: Jorge Alfaro
|
|
Batting: RHB Zack Cozart
|
0-0: Swinging Strike 0-1: Foul Ball, location: 2F 0-2: Ball 1-2: Strikes out swinging
|
Batting: RHB Rajai Davis
|
0-0: Fly out, F8 (Flyball, 78D)
|
Pinch Hitting: RHB Jedd Gyorko
|
0-0: Ball 1-0: Foul Ball, location: 2F 1-1: Ground out 5-3 (Groundball, 56S)
|
Top of the 9th over - 0 runs, 0 hits, 0 errors, 0 left on base; Chicago 2 - Atlanta 3 |
|